 Dungeon Crawl Stone Soup version 0.16.2-12-gd0ad4c3 (webtiles) character file.

143505 magipi the Severer (level 16, -6/149 (152) HPs)
             Began as a Deep Dwarf Gladiator on Aug 9, 2016.
             Was the Champion of Makhleb.
             Mangled by a fire giant
             ... wielding a +2 great sword of flaming
              (39 damage)
             ... on level 1 of the Vaults.
             The game lasted 03:12:29 (17282 turns).

magipi the Severer (Deep Dwarf Gladiator)          Turns: 17282, Time: 03:12:29

HP:   -6/149 (152)  AC: 19    Str: 19    XL:     16   Next: 18%
MP:   9/9           EV: 17    Int: 11    God:    Makhleb [******]
Gold: 722           SH:  0    Dex: 18    Spells: 2 memorised, 19 levels left

rFire  + . .     SeeInvis +     a - +2 battleaxe (flame)
rCold  + . .     Clarity  .     z - +2 ring mail {rC+}
rNeg   + + .     SustAb   .     (no shield)
rPois  .         Gourm    .     o - +2 helmet {SInv}
rElec  .         Spirit   .     M - +1 cloak {MR+}
rCorr  .         Warding  .     L - +1 pair of gloves
rMut   .         Stasis   .     Y - +0 pair of boots
MR     +++..                    C - amulet of rage
Stlth  +.........               f - ring of protection from fire
                                n - ring of Shadows {Umbra +Inv rN+ SInv}

@: very slightly contaminated, non-regenerating, wreathed by umbra, extremely
resistant to hostile enchantments, very unstealthy
A: damage resistance, recharge devices, negative energy resistance 1, sense
surroundings 2, slow healing 3
a: Device Recharging, Minor Destruction, Lesser Servant of Makhleb, Major
Destruction, Greater Servant of Makhleb, Renounce Religion, Evoke Berserk Rage,
Evoke Invisibility
}: 2/15 runes: barnacled, gossamer


You were on level 1 of the Vaults.
You worshipped Makhleb.
Makhleb was exalted by your worship.
You were not hungry.

You visited 7 branches of the dungeon, and saw 39 of its levels.
You also visited: Ossuary.

You collected 2656 gold pieces.
You spent 1934 gold pieces at shops.

Inventory:

Hand weapons
 a - a +2 battleaxe of flaming (weapon)
 b - a +0 blowgun
Missiles
 d - a throwing net (quivered)
 l - 6 javelins
 t - 3 curare-tipped needles
 v - 41 poisoned needles
Armour
 o - a +2 helmet of see invisible (worn)
 z - a +2 ring mail of cold resistance (worn)
 L - a +1 pair of gloves (worn)
 M - a +1 cloak of magic resistance (worn)
 P - a +1 ring mail of fire resistance
 Y - a +0 pair of boots (worn)
Jewellery
 f - a ring of protection from fire (right hand)
 n - the ring of Shadows (left hand) {Umbra +Inv rN+ SInv}
   (You found it on level 11 of the Dungeon)

   [ring of invisibility]

   It protects you from negative energy.
   It enhances your eyesight.
   It lets you turn invisible.
 p - the ring of the Scarab {rPois rC+ MR++ MP-9 Dex+2}
   (You bought it in a shop on level 9 of the Dungeon)

   [ring of protection from cold]

   It affects your dexterity (+2).
   It protects you from cold.
   It protects you from poison.
   It affects your resistance to hostile enchantments.
   It affects your magic capacity (-9).
 q - an uncursed ring of protection from magic
 s - an uncursed ring of wizardry
 C - an amulet of rage (around neck)
Magical devices
 e - a wand of heal wounds (0)
 y - a wand of enslavement (0)
 D - a wand of digging (7)
 E - a wand of paralysis (5)
 N - a wand of polymorph (8)
 R - a wand of teleportation (4)
 U - a wand of disintegration (8)
 W - a wand of digging (8)
 X - a wand of draining (0)
 Z - a wand of hasting (3)
Scrolls
 i - 3 scrolls of teleportation
 r - a scroll of fog
 A - 3 scrolls of immolation
 F - 6 scrolls of remove curse
 G - a scroll of blinking
 Q - a scroll of summoning
 S - 2 scrolls of magic mapping
 V - 9 scrolls of identify
Potions
 c - 2 potions of agility
 g - 2 potions of flight
 j - 3 potions of resistance
 k - 4 potions of curing
 m - 3 potions of restore abilities
 w - a potion of invisibility
 x - a potion of berserk rage
 B - 4 potions of cancellation
 H - a potion of might
 O - a potion of lignification
 T - a potion of haste
Books
 I - a book of Beasts

   Spells                             Type                      Level
   a - Summon Butterflies             Summoning                    1
   b - Call Canine Familiar           Summoning                    3
   c - Summon Ice Beast               Ice/Summoning                4
   d - Summon Mana Viper              Hexes/Summoning              5
   e - Monstrous Menagerie            Summoning                    6
   f - Summon Hydra                   Summoning                    7
Miscellaneous
 K - a lamp of fire
Comestibles
 h - 15 meat rations
 u - 6 bread rations


   Skills:
 + Level 12.2 Fighting
 + Level 16.9 Axes
 - Level 3.1 Throwing
 - Level 10.3 Armour
 - Level 8.7 Dodging
 - Level 4.1 Spellcasting
 - Level 4.0 Charms
 - Level 5.8 Translocations
 - Level 3.5 Air Magic
 - Level 11.0 Invocations
 - Level 16.0 Evocations


You had 19 spell levels left.
You knew the following spells:

 Your Spells              Type           Power        Failure   Level  Hunger
b - Blink                 Tloc           N/A          6%          2    ##.....
m - Repel Missiles        Chrm/Air       ##....       14%         2    ##.....


Dungeon Overview and Level Annotations

Branches:
Dungeon (15/15)            Temple (1/1) D:4            Lair (8/8) D:8
 Shoals (5/5) Lair:4       Spider (5/5) Lair:3        Slime (0/6) Lair:6
    Orc (4/4) D:11            Elf (0/3) Orc:3        Vaults (1/5) D:13
 Depths: D:15

Altars:
Ashenzari
Cheibriados
Dithmenos
Elyvilon
Fedhas
Gozag
Kikubaaqudgha
Makhleb
Nemelex Xobeh
Okawaru
Qazlal
Ru
Sif Muna
Trog
Vehumet
Xom
Yredelemnul
Zin
The Shining One
Lugonu

Shops:
D:8 (   D:9 =   D:12 %   D:15 [   Orc:1 ?   Orc:4 :*}?   Shoals:2 }

Annotations:
D:3 disi
D:6 Dowan, Duvessa
D:10 Sapher's ghost, experienced DDGl
Shoals:2 Jorgrun


Innate Abilities, Weirdness & Mutations

You are resistant to damage.
You can recharge devices by infusing magical energy.
You resist negative energy.
You passively map the area around you.
You do not heal naturally.

Vault maps used:
D:1:      dpeg_arrival_shrine, kennysheep_flooded_box
D:2:      nicolae_ru_path_of_blood, lemuel_crystal_altar, uniq_robin
D:3:      first_bread, minmay_statues_item, interstate_on_off, uniq_natasha
D:4:      temple_statues
D:5:      uniq_eustachio
D:6:      nicolae_overflow_crystal_walls, uniq_duvessa, uniq_crazy_yiuf_cottage,
          uniq_pikel
D:7:      grunt_temple_overflow_magic_moments, makhleb_grotto_becter,
          old_standard_altar, enter_ossuary_2, the_bakery
D:8:      david_lair_shrubbed, serial_glass, glass_columns_a, glass_columns_b,
          serial_shops, nicolae_shop_statue_plus, kennysheep_island_fort,
          uniq_edmund
D:9:      tso_altar, minitemple, serial_shops, nicolae_shop_statue_plus,
          minmay_misc_feat_square
D:10:     cheibrodos_breeding_chamber, serial_shops, shop_fountains
D:11:     orc_0_dummy
D:12:     serial_shops, shop, nicolae_qazlal_style_of_elements
D:13:     erik_vaults_1, fedhas_altar_3
D:14:     basic_altar
D:15:     gammafunk_depths_entry_grave, serial_shops, nicolae_shop_behind_doors,
          minmay_misc_feat_rows, st_stairs_14
Temple:   corrupted_temple
Lair:2:   special_room, st_stairs_11, fungi_pond_lemuel
Lair:3:   nicolae_spider_entry_non_spiders
Lair:4:   elwin_shoals_entry_rocks, beast_lair_carwin_1, uniq_fannar
Lair:5:   grunt_megastairs_2, lemuel_fruit_fields
Lair:6:   slime_dummy, worms_lemuel
Lair:7:   serial_pond, minmay_pond_fungi_b, minmay_pond_plants_t,
          minmay_pond_fungi_a, minmay_pond_plants_y, lemuel_fruit_fields
Lair:8:   evil_forest
Shoals:2: serial_shops, nicolae_shop_window_shopping, uniq_jorgrun
Shoals:5: shoals_end_hangedman, shoal_ilsuiw, uniq_nikola
Spider:2: spiders_nest_scorpion_pit
Spider:3: cheibrodos_spider_creepycove, nicolae_spider_cling_halls, uniq_frances
Spider:5: grunt_spider_rune_island, nicolae_orb_stairs, uniq_donald
Orc:1:    serial_shops, shop
Orc:2:    minmay_goldmine
Orc:3:    nicolae_orc_pool_cavern, uniq_psyche
Orc:4:    st_orc_rangers, basic_altar
Vaults:1: vaults_room_octagon, vaults_room_fancy_cross,
          nicolae_vaults_twisting_passages, v_misc_2, grunt_vaults_twisty,
          vaults_dpeg_cross, ontoclasm_vaults_idyll, hangedman_vaults_nails,
          vaults_room_hallway, vaults_room_pool, v_misc_32, vaults_room_fours,
          st_spiral_rooms, nicolae_vaults_little_squares_1, serial_shops,
          shop_statue
Ossuary:  ossuary_crypta


Message History

The fire giant misses you.
You hit the fire giant but do no damage.
The fire giant is lightly wounded.
The fire giant points at you and mumbles some strange words.
The bolt of fire misses you.
You slice the fire giant!! You burn the fire giant.
The fire giant is moderately wounded.
The fire giant hits you with a great sword of flaming!!
* * * LOW HITPOINT WARNING * * *
You slash the fire giant!
The fire giant is moderately wounded.
Unknown command.
You hit the fire giant.
The fire giant is heavily wounded.
The fire giant hits you with a great sword of flaming!!
* * * LOW HITPOINT WARNING * * *
The fire giant burns you.
* * * LOW HITPOINT WARNING * * *
Evoke which item? (* to show all) (? for menu, Esc to quit)
Zapping:
e - a wand of heal wounds (4)
Press: ? - help, Shift-Dir - straight line, f - you You feel much better.
This wand has 3 charges left.
The fire giant hits you but does no damage.
Unknown command.
Unknown command.
Evoke which item? (* to show all) (? for menu, Esc to quit)
Zapping:
e - a wand of heal wounds (3)
Press: ? - help, Shift-Dir - straight line, f - you You feel much better.
This wand has 2 charges left.
Unknown command.
You completely miss the fire giant.
The fire giant is heavily wounded.
The fire giant gestures at you while chanting.
The fireball explodes!
The fireball engulfs you! You resist.
* * * LOW HITPOINT WARNING * * *
The fireball engulfs the fire giant.
The fire giant resists.
You hear a shout!
Evoke which item? (* to show all) (? for menu, Esc to quit)
Zapping:
e - a wand of heal wounds (2)
Press: ? - help, Shift-Dir - straight line, f - you You feel much better.
This wand has 1 charge left.
The fire giant barely misses you.
Unknown command.
You slash the fire giant! You burn the fire giant.
The fire giant is heavily wounded.
The fire giant hits you with a great sword of flaming!
* * * LOW HITPOINT WARNING * * *
Evoke which item? (* to show all) (? for menu, Esc to quit)
Zapping:
e - a wand of heal wounds (1)
Press: ? - help, Shift-Dir - straight line, f - you You feel much better.
This wand has 0 charges left.
Unknown command.
Use which ability? (? or * to list) Charge which item? (? for menu, Esc to quit)
Your wand of heal wounds (0) glows for a moment and now has 2 charges.
The fire giant points at you and mumbles some strange words.
The bolt of fire hits you! You resist.
Unknown command.
Unknown command.
You slash the fire giant!
The fire giant is severely wounded.
The fire giant hits you with a great sword of flaming!!
* * * LOW HITPOINT WARNING * * *
The fire giant burns you.
Evoke which item? (* to show all) (? for menu, Esc to quit)
Zapping:
e - a wand of heal wounds (2)
Press: ? - help, Shift-Dir - straight line, f - you You feel much better.
This wand has 1 charge left.
The fire giant completely misses you.
An ironbrand convoker comes into view. It is wielding a flail.
You slash the fire giant!
The fire giant is almost dead.
The fire giant casts a spell at you. The bolt of fire hits you! You resist.
* * * LOW HITPOINT WARNING * * *
Unknown command.
You hit the fire giant but do no damage.
The fire giant is almost dead.
Unknown command.
You barely miss the fire giant.
The fire giant is almost dead.
The fire giant hits you with a great sword of flaming.
* * * LOW HITPOINT WARNING * * *
You slash the fire giant! You burn the fire giant.
The fire giant is almost dead.
The fire giant hits you with a great sword of flaming!
* * * LOW HITPOINT WARNING * * *
The fire giant burns you.
Evoke which item? (* to show all) (? for menu, Esc to quit)
Zapping:
e - a wand of heal wounds (1)
Press: ? - help, Shift-Dir - straight line, f - you You feel much better.
This wand has 0 charges left.
The ironbrand convoker points at the fire giant and mumbles some strange words.
The fire giant seems to grow stronger.
Unknown command.
Unknown command.
You closely miss the fire giant.
The fire giant is almost dead.
The fire giant hits you with a great sword of flaming!!!
You die...

,, , , ,*
## ,
*#####+#* *
#. , #.....
#. , *
#....,* #.
8 * #...,
#####. ,*
#.. ,,*
#..... *
**, #C##
#..... , *
,#.@#,
#####. , ,
#..#, #.
#(p# #. ,
,* *
,#$=#,, #.
, *
,,,##+##'#,
########' ,
,+...))#
#........ ,
#.....#,,
#...#...# ,
, ,#.....#
* #..,#...#
, ,, ,
#.....#,
#.###...#


You could see a fire giant and an ironbrand convoker.

Table legend:
 A = Kills in this place as a percentage of kills in entire the game.
 B = Kills by you in this place as a percentage of kills by you in the entire game.
 C = Kills by friends in this place as a percentage of kills by friends in the entire game.
 D = Other kills in this place as a percentage of other kills in the entire game.
 E = Experience gained in this place as a percentage of experience gained in the entire game.
 F = Experience gained in this place divided by the number of levels of this place that you have seen.
                   A       B       C       D       E      F
               +-------+-------+-------+-------+-------+----------------------
         Total | 100.0 | 100.0 | 100.0 | 100.0 | 100.0 | 4125.2
       Dungeon |  37.7 |  39.0 |  16.9 | 100.0 |  27.5 | 3030.1
          Lair |  21.5 |  22.5 |   6.8 |   0.0 |  22.0 | 4530.5
        Shoals |   6.9 |   5.7 |  23.7 |   0.0 |  20.1 | 6623.6
   Spider Nest |   5.9 |   4.9 |  20.3 |   0.0 |  15.2 | 5003.4
  Orcish Mines |  24.3 |  23.8 |  32.2 |   0.0 |   6.7 | 2745.5
        Vaults |   2.5 |   2.6 |   0.0 |   0.0 |   8.5 | 14094.0
       Ossuary |   1.3 |   1.4 |   0.0 |   0.0 |   0.1 | 101.0
               +-------+-------+-------+-------+-------+----------------------

Vanquished Creatures
  Ilsuiw (Shoals:5)
  A vault warden (Vaults:1)
  An emperor scorpion (Spider:5)
  4 ghost moths (Spider:5)
  A rakshasa (D:13)
  A war gargoyle (Vaults:1)
  A merfolk javelineer (Shoals:5)
  An ettin (Vaults:1)
  5 merfolk impalers
  A yaktaur captain (Vaults:1)
  Fannar (Lair:4)
  An ogre mage (D:15)
  4 hydras
  2 merfolk avatars
  6 centaur warriors
  2 dancing weapons (D:13)
  2 tengu warriors (D:13)
  2 skeletal warriors
  2 fire crabs
  4 unseen horrors
  11 harpies
  5 orc knights
  7 sea snakes
  3 hill giants
  Pikel (D:6)
  A deep elf conjurer (D:9)
  3 orb spiders
  6 cyclopes
  3 griffons
  A wizard (D:15)
  2 orc sorcerers
  3 water nymphs
  8 wolf spiders
  3 manticores
  8 ugly things
  3 hornets (Spider:5)
  18 elephants
  3 black mambas
  2 sirens
  2 drowned souls (Shoals:4)
  A smoke demon (Shoals:4)
  4 polar bears
  A gargoyle (D:15)
  8 komodo dragons
  3 spiny frogs
  A fire drake (Lair:7)
  4 yaktaurs (Vaults:1)
  A kobold demonologist (D:15)
  A redback zombie (D:15)
  An efreet (D:15)
  A freezing wraith (Vaults:1)
  A polar bear (shapeshifter) (D:15)
  2 demonic crawlers (Spider:5)
  3 trolls
  8 merfolk
  A jumping spider (Spider:5)
  6 slime creatures (D:12)
  A hornet zombie (D:15)
  4 two-headed ogres (D:15)
  A blink frog (Lair:8)
  A boulder beetle (Lair:5)
  A wyvern (Lair:2)
  3 basilisks
  4 snapping turtles
  3 ravens (D:13)
  9 redbacks (Spider:5)
  3 water elementals
  6 tarantellas
  A wraith (D:12)
  Eustachio (D:5)
  9 hippogriffs
  3 deep elf fighters (D:14)
  A neqoxec (Shoals:4)
  30 yaks
  A deep elf mage (D:14)
  A human simulacrum (Vaults:1)
  Edmund (D:8)
  9 vampire mosquitoes
  12 water moccasins
  15 wolves
  A warg (Orc:4)
  33 orc warriors
  2 sky beasts
  8 porcupines
  6 spiders
  6 ogres
  3 ice beasts
  2 wasps
  15 centaurs
  A necrophage (D:9)
  A boring beetle (Lair:4)
  2 phantoms
  13 crocodiles
  18 giant frogs
  2 big kobolds
  A wyvern zombie (D:11)
  4 scorpions
  3 wights (D:6)
  An electric eel (Lair:7)
  A lava snake (D:8)
  4 crimson imps
  A goliath beetle (Lair:3)
  A quasit (D:12)
  A giant frog zombie (D:10)
  2 jellies (D:7)
  2 centaur zombies
  23 orc priests
  33 orc wizards
  9 iguanas
  A giant frog skeleton (D:6)
  An iron imp (D:7)
  4 centaur skeletons
  7 hounds
  10 worker ants
  10 sheep
  7 mummies
  2 hound skeletons
  2 worker ant zombies
  Robin (D:2)
  34 river rats
  4 shadow imps
  19 adders
  3 giant mites
  A white imp (D:15)
  3 worms
  A giant gecko (D:4)
  153 orcs
  6 giant cockroaches
  A gnoll zombie (Ossuary)
  19 hobgoblins
  5 jackals (D:4)
  22 kobolds
  4 quokkas
  A ball python (D:2)
  9 bats
  2 giant newts
  A giant spore (D:12)
  21 goblins
  A goblin zombie (Ossuary)
  2 hobgoblin zombies (Ossuary)
  A jackal skeleton (D:4)
  2 jackal zombies (D:7)
  A kobold zombie (Ossuary)
  11 orc zombies
  A quokka zombie (D:9)
  8 rats
  A bush (Lair:4)
  7 fungi
  5 plants
896 creatures vanquished.

Vanquished Creatures (collateral kills)
  2 emperor scorpions (Spider:5)
  2 rakshasas (D:13)
  A merfolk javelineer (Shoals:5)
  A merfolk impaler (Shoals:5)
  4 ugly things (D:13)
  A centaur warrior (D:13)
  4 merfolk aquamancers (Shoals:5)
  A satyr (Shoals:5)
  2 orc knights (Orc:4)
  2 wolf spiders (Spider:5)
  2 manticores (Shoals:5)
  A harpy (Shoals:1)
  2 orb spiders (Spider:5)
  A centaur zombie (D:13)
  A water nymph (Shoals:5)
  A demonic crawler (Spider:5)
  A polar bear (Lair:4)
  A two-headed ogre (D:13)
  3 merfolk (Shoals:5)
  A water elemental (Shoals:5)
  3 tarantellas
  2 hippogriffs
  A mottled dragon (D:15)
  2 orc warriors (Orc:4)
  A wasp (Spider:5)
  A giant frog (Lair:4)
  A scorpion (Spider:5)
  3 wights (D:15)
  A goliath beetle (Lair:3)
  An orc priest (Orc:4)
  3 orc wizards
  10 orcs
  2 orc zombies (Orc:2)
65 creatures vanquished.

Vanquished Creatures (others)
  An Executioner (D:13)
  A cacodemon (Shoals:5)
  A blizzard demon (Shoals:5)
  A wolf spider (Spider:5)
  A manticore (D:13)
  4 drowned souls (Shoals:4)
  A hellwing (Shoals:2)
  4 fire elementals
  2 ynoxinuls (Orc:4)
  A neqoxec (Orc:4)
  2 slaves (D:6)
  A crimson imp (Orc:4)
  2 white imps (Orc:4)
  3 ufetubi (Orc:4)
  5 fungi
  3 plants
  4 tentacles (Shoals:4)
  13 tentacle segments (Shoals:4)
50 creatures vanquished.

Grand Total: 1011 creatures vanquished

Notes
Turn   | Place    | Note
--------------------------------------------------------------
     0 | D:1      | magipi, the Deep Dwarf Gladiator, began the quest for the Orb.
     0 | D:1      | Reached XP level 1. HP: 19/19 MP: 1/1
   157 | D:1      | Reached XP level 2. HP: 23/26 MP: 2/2
   264 | D:1      | Reached skill level 4 in Axes
   384 | D:2      | Found a shimmering altar of Xom.
   451 | D:2      | Noticed Robin
   466 | D:2      | Reached XP level 3. HP: 27/32 MP: 3/3
   472 | D:2      | Killed Robin
   696 | D:2      | Reached XP level 4. HP: 8/39 MP: 4/4
   758 | D:2      | Found a sacrificial altar of Ru.
   852 | D:2      | Reached skill level 5 in Axes
  1184 | D:3      | Noticed a giant frog
  1202 | D:3      | Killed a giant frog
  1202 | D:3      | Reached XP level 5. HP: 17/45 MP: 5/5
  1466 | D:4      | Found a staircase to the Ecumenical Temple.
  1478 | Temple   | Entered the Ecumenical Temple
  1510 | D:4      | Noticed an ogre
  1522 | D:4      | Killed an ogre
  1522 | D:4      | Reached skill level 6 in Axes
  1522 | D:4      | Reached XP level 6. HP: 21/52 MP: 6/6
  1571 | D:4      | Reached skill level 7 in Axes
  1710 | D:4      | Noticed a phantom
  1806 | D:4      | Killed a phantom
  1806 | D:4      | Reached skill level 8 in Axes
  1806 | D:4      | Reached XP level 7. HP: 27/58 MP: 7/7
  1870 | D:5      | Entered Level 5 of the Dungeon
  1873 | D:5      | Noticed Eustachio
  2145 | D:5      | Killed Eustachio
  2210 | D:6      | Reached skill level 9 in Axes
  2282 | D:6      | Found an opulent altar of Gozag.
  2314 | D:6      | Noticed Pikel
  2328 | D:6      | Killed Pikel
  2328 | D:6      | Reached skill level 10 in Axes
  2328 | D:6      | Reached XP level 8. HP: 63/72 MP: 7/7
  2408 | D:6      | Noticed Dowan
  2413 | D:6      | Noticed Duvessa
  2460 | D:7      | Found a burning altar of Makhleb.
  2468 | D:7      | Became a worshipper of Makhleb the Destroyer
  2526 | D:7      | Found a sand-covered staircase.
  2531 | Ossuary  | Entered an ossuary
  2637 | Ossuary  | Reached skill level 11 in Axes
  2681 | Ossuary  | Acquired Makhleb's first power
  2739 | D:7      | Reached skill level 5 in Fighting
  2781 | D:7      | Found a deep blue altar of Sif Muna.
  2786 | D:7      | Identified Sif Muna's Almanac of Enhancements
  2791 | D:7      | Found a radiant altar of Vehumet.
  2795 | D:7      | Identified Vehumet's Papyrus of Combat Magic
  2800 | D:7      | Found an ancient bone altar of Kikubaaqudgha.
  2804 | D:7      | Identified Kikubaaqudgha's Disquisition on Unholy Secrets
  2864 | D:7      | Gained mutation: You passively map the area around you. [level up]
  2864 | D:7      | Reached XP level 9. HP: 63/81 MP: 8/8
  3041 | D:7      | Found a basalt altar of Yredelemnul.
  3114 | D:8      | Noticed Edmund
  3160 | D:8      | Killed Edmund
  3305 | D:8      | Acquired Makhleb's second power
  3341 | D:8      | Noticed a komodo dragon
  3375 | D:8      | Killed a komodo dragon
  3375 | D:8      | Reached skill level 12 in Axes
  3375 | D:8      | Reached skill level 1 in Armour
  3382 | D:8      | Found a staircase to the Lair.
  3408 | D:8      | Noticed a deep elf conjurer
  3421 | D:8      | Found Ghyra's Antique Weapon Shoppe.
  3432 | D:8      | Reached skill level 1 in Evocations
  3718 | D:9      | Found Coaff's Jewellery Emporium.
  3725 | D:9      | Bought a cursed amulet of inaccuracy for 20 gold pieces
  4083 | D:9      | Found a glowing golden altar of the Shining One.
  4093 | D:9      | Noticed a centaur skeleton
  4103 | D:9      | Killed a centaur skeleton
  4103 | D:9      | Acquired Makhleb's third power
  4123 | D:9      | Found an iron altar of Okawaru.
  4126 | D:9      | Found a sparkling altar of Nemelex Xobeh.
  4155 | D:9      | Reached skill level 5 in Evocations
  4303 | D:10     | Entered Level 10 of the Dungeon
  4306 | D:10     | Noticed a centaur skeleton
  4400 | D:10     | Killed a centaur skeleton
  4400 | D:10     | Reached XP level 10. HP: 54/88 MP: 16/18
  4473 | D:10     | Identified a scroll of acquirement
  4556 | D:11     | Found a staircase to the Orcish Mines.
  4586 | D:11     | Reached skill level 5 in Armour
  4759 | D:11     | Acquired Makhleb's fourth power
  5039 | D:10     | Noticed Sapher's ghost (experienced DDGl)
  5369 | D:12     | Noticed an unseen horror
  5383 | D:12     | Killed an unseen horror
  5416 | D:12     | Found a stormy altar of Qazlal.
  5437 | D:12     | Noticed a cyclops
  5437 | D:12     | Noticed a centaur warrior
  5473 | D:12     | Noticed a green ugly thing
  5522 | D:12     | Killed a green ugly thing
  5576 | Orc:1    | Entered Level 1 of the Orcish Mines
  5611 | Orc:1    | Acquired Makhleb's fifth power
  5636 | Orc:1    | Found Lidwoamn's Magic Scroll Boutique.
  5751 | Orc:1    | Bought a scroll of teleportation for 36 gold pieces
  5751 | Orc:1    | Bought a scroll of teleportation for 36 gold pieces
  5751 | Orc:1    | Bought a scroll of identify for 24 gold pieces
  5751 | Orc:1    | Bought a scroll of identify for 24 gold pieces
  5765 | Orc:1    | Bought a scroll of remove curse for 36 gold pieces
  5765 | Orc:1    | Bought a scroll of identify for 24 gold pieces
  5817 | Orc:1    | Reached skill level 10 in Evocations
  5997 | Orc:2    | Noticed an orc sorcerer
  6409 | D:9      | Killed a deep elf conjurer
  6531 | D:9      | Bought the ring of the Scarab {rPois rC+ MR++ MP-9 Dex+2} for 488 gold pieces
  6546 | D:9      | Reached XP level 11. HP: 56/94 MP: 10/19
  6650 | Orc:1    | Killed an orc sorcerer
  6650 | Orc:1    | Reached skill level 1 in Invocations
  7245 | Orc:4    | Entered Level 4 of the Orcish Mines
  7624 | Orc:3    | Found a staircase to the Elven Halls.
  7717 | Orc:4    | Reached skill level 5 in Invocations
  7774 | Orc:4    | Noticed a centaur warrior
  7792 | Orc:4    | Killed a centaur warrior
  7995 | Orc:4    | Reached skill level 13 in Evocations
  8224 | Orc:4    | Found Wipt's Gadget Boutique.
  8224 | Orc:4    | Found Kytianyf's General Store.
  8229 | Orc:4    | Found Ydunuosu's Book Emporium.
  8231 | Orc:4    | Found Beopryqas' Magic Scroll Shop.
  8334 | Orc:4    | Bought a wand of paralysis (12) for 140 gold pieces
  8337 | Orc:4    | Bought a scroll of brand weapon for 280 gold pieces
  8337 | Orc:4    | Bought a scroll of enchant armour for 105 gold pieces
  8337 | Orc:4    | Bought a scroll of summoning for 133 gold pieces
  8337 | Orc:4    | Bought a scroll of teleportation for 42 gold pieces
  8362 | Orc:4    | Found a burning altar of Makhleb.
  8655 | Lair:1   | Entered Level 1 of the Lair of Beasts
  8708 | Lair:1   | Reached skill level 10 in Invocations
  8842 | Lair:1   | Reached XP level 12. HP: 55/102 MP: 6/15
  9504 | Lair:3   | Found a hole to the Spider Nest.
  9916 | Lair:4   | Learned a level 2 spell: Repel Missiles
  9919 | Lair:4   | Learned a level 2 spell: Blink
  9956 | Lair:4   | Found a staircase to the Shoals.
  9977 | Lair:4   | Noticed Fannar
 10006 | Lair:4   | Killed Fannar
 10006 | Lair:4   | Reached skill level 1 in Charms
 10006 | Lair:4   | Reached skill level 1 in Translocations
 10053 | Lair:4   | Reached skill level 1 in Spellcasting
 10053 | Lair:4   | Reached skill level 1 in Air Magic
 10518 | Lair:5   | Noticed a four-headed hydra
 10539 | Lair:5   | Killed a one-headed hydra
 10601 | Lair:5   | Reached XP level 13. HP: 63/115 MP: 6/15
 11224 | Lair:6   | Found a staircase to the Slime Pits.
 11416 | Lair:7   | Reached skill level 5 in Translocations
 11583 | Lair:8   | Entered Level 8 of the Lair of Beasts
 12053 | Lair:8   | Noticed a dire elephant
 12074 | Lair:8   | Noticed an Executioner
 12275 | Spider:1 | Entered Level 1 of the Spider Nest
 12336 | Spider:1 | Reached skill level 5 in Dodging
 12582 | Spider:5 | Entered Level 5 of the Spider Nest
 12614 | Spider:5 | Reached skill level 10 in Armour
 12703 | Spider:5 | Gained mutation: You resist negative energy. [level up]
 12703 | Spider:5 | Reached XP level 14. HP: 92/124 MP: 6/15
 12735 | Spider:5 | Noticed a ghost moth
 12749 | Spider:5 | Killed a ghost moth
 12885 | Spider:5 | Noticed an emperor scorpion
 12901 | Spider:5 | Killed an emperor scorpion
 12908 | Spider:5 | Noticed a ghost moth
 12910 | Spider:5 | Noticed a ghost moth
 12910 | Spider:5 | Noticed a ghost moth
 12910 | Spider:5 | Noticed an emperor scorpion
 12910 | Spider:5 | Noticed an emperor scorpion
 12918 | Spider:5 | Killed a ghost moth
 12918 | Spider:5 | Killed a ghost moth
 12922 | Spider:5 | Killed a ghost moth
 12927 | Spider:5 | Killed an emperor scorpion
 12929 | Spider:5 | Reached skill level 14 in Axes
 12930 | Spider:5 | Killed an emperor scorpion
 12950 | Spider:5 | Got a gossamer rune of Zot
 13101 | Shoals:1 | Entered Level 1 of the Shoals
 13223 | Shoals:2 | Found Gheareg's Gadget Boutique.
 13226 | Shoals:2 | Bought a wand of disintegration (10) for 266 gold pieces
 13620 | Shoals:4 | Noticed a kraken
 13680 | Shoals:5 | Entered Level 5 of the Shoals
 13708 | Shoals:5 | Noticed Ilsuiw
 13776 | Shoals:5 | Reached skill level 10 in Fighting
 13794 | Shoals:5 | Killed Ilsuiw
 14022 | Shoals:5 | Reached skill level 15 in Axes
 14080 | Shoals:5 | Reached XP level 15. HP: 49/137 MP: 2/11
 14139 | Shoals:5 | Got a barnacled rune of Zot
 14278 | Shoals:2 | Noticed Jorgrun
 14789 | D:12     | Found Ynoipovec's Food Shoppe.
 14799 | D:12     | Noticed a hill giant
 14813 | D:12     | Killed a hill giant
 14849 | D:12     | Noticed a cyclops
 14888 | D:12     | Killed a cyclops
 15181 | D:12     | Killed a cyclops
 15289 | D:13     | Reached skill level 16 in Axes
 15304 | D:13     | Found a gate to the Vaults.
 15331 | D:13     | Found a blossoming altar of Fedhas.
 15923 | D:14     | Reached skill level 15 in Evocations
 16044 | D:14     | Found a shadowy altar of Dithmenos.
 16231 | D:15     | Entered Level 15 of the Dungeon
 16513 | D:15     | Found Psoodghuwi's Armour Emporium.
 16516 | D:15     | Bought a +1 cloak of magic resistance for 280 gold pieces
 16924 | Vaults:1 | Entered Level 1 of the Vaults
 17012 | Vaults:1 | Reached XP level 16. HP: 149/149 MP: 10/10
 17267 | Vaults:1 | HP: 7/149 [fire giant/great sword of flaming (1)]
 17282 | Vaults:1 | Mangled by a fire giant

Action                   |  1- 3 |  4- 6 |  7- 9 | 10-12 | 13-15 | 16-18 || total
-------------------------+-------+-------+-------+-------+-------+-------++-------
Melee: War axe           |   101 |   161 |   406 |   850 |       |       ||  1518
       Broad axe         |       |       |       |    96 |       |       ||    96
       Battleaxe         |       |       |       |   377 |  1348 |   109 ||  1834
Throw: Tomahawk          |       |     3 |       |     2 |     2 |       ||     7
       Throwing net      |       |       |     2 |     2 |       |       ||     4
 Cast: Repel Missiles    |       |       |       |       |     4 |     2 ||     6
Invok: Lesser Servant of |       |       |       |     4 |     6 |       ||    10
       Greater Servant o |       |       |       |       |     7 |       ||     7
 Abil: Device Recharging |       |       |     1 |    12 |    10 |     1 ||    24
       Evoke Flight      |       |       |       |     1 |       |       ||     1
       Evoke Invisibilit |       |       |       |       |     1 |       ||     1
       Evoke Berserk Rag |       |       |       |       |     2 |       ||     2
Evoke: Wand              |       |     4 |    14 |    69 |    92 |     7 ||   186
       Lamp of fire      |       |       |       |       |     5 |       ||     5
  Use: Scroll            |       |     7 |    10 |    22 |    19 |     1 ||    59
       Potion            |       |       |     2 |     1 |     9 |       ||    12
 Stab: Confused          |       |       |     5 |     5 |     1 |       ||    11
       Held in net/web   |       |       |       |     2 |       |       ||     2
       Paralysed         |       |       |       |    13 |    32 |       ||    45
       Invisible         |       |       |       |       |    12 |       ||    12
       Distracted        |       |       |       |       |     4 |       ||     4
  Eat: Chunk             |       |     2 |     8 |    20 |    15 |       ||    45
       Pizza             |       |       |     1 |       |     1 |       ||     2
       Beef jerky        |       |       |     1 |       |     1 |       ||     2
       Fruit             |       |       |       |     3 |     4 |       ||     7
       Meat ration       |       |       |       |       |     2 |       ||     2

Action                   |  1- 3 |  4- 6 |  7- 9 | 10-12 | 13-15 | 16-18 || total
-------------------------+-------+-------+-------+-------+-------+-------++-------
Melee: War axe           |   101 |   161 |   406 |   850 |       |       ||  1518
       Broad axe         |       |       |       |    96 |       |       ||    96
       Battleaxe         |       |       |       |   377 |  1348 |   109 ||  1834
Throw: Tomahawk          |       |     3 |       |     2 |     2 |       ||     7
       Throwing net      |       |       |     2 |     2 |       |       ||     4
 Cast: Repel Missiles    |       |       |       |       |     4 |     2 ||     6
Invok: Lesser Servant of |       |       |       |     4 |     6 |       ||    10
       Greater Servant o |       |       |       |       |     7 |       ||     7
 Abil: Device Recharging |       |       |     1 |    12 |    10 |     1 ||    24
       Evoke Flight      |       |       |       |     1 |       |       ||     1
       Evoke Invisibilit |       |       |       |       |     1 |       ||     1
       Evoke Berserk Rag |       |       |       |       |     2 |       ||     2
Evoke: Wand              |       |     4 |    14 |    69 |    92 |     7 ||   186
       Lamp of fire      |       |       |       |       |     5 |       ||     5
  Use: Scroll            |       |     7 |    10 |    22 |    19 |     1 ||    59
       Potion            |       |       |     2 |     1 |     9 |       ||    12
 Stab: Confused          |       |       |     5 |     5 |     1 |       ||    11
       Held in net/web   |       |       |       |     2 |       |       ||     2
       Paralysed         |       |       |       |    13 |    32 |       ||    45
       Invisible         |       |       |       |       |    12 |       ||    12
       Distracted        |       |       |       |       |     4 |       ||     4
  Eat: Chunk             |       |     2 |     8 |    20 |    15 |       ||    45
       Pizza             |       |       |     1 |       |     1 |       ||     2
       Beef jerky        |       |       |     1 |       |     1 |       ||     2
       Fruit             |       |       |       |     3 |     4 |       ||     7
       Meat ration       |       |       |       |       |     2 |       ||     2

Action                   |  1- 3 |  4- 6 |  7- 9 | 10-12 | 13-15 | 16-18 || total
-------------------------+-------+-------+-------+-------+-------+-------++-------
Melee: War axe           |   101 |   161 |   406 |   850 |       |       ||  1518
       Broad axe         |       |       |       |    96 |       |       ||    96
       Battleaxe         |       |       |       |   377 |  1348 |   109 ||  1834
Throw: Tomahawk          |       |     3 |       |     2 |     2 |       ||     7
       Throwing net      |       |       |     2 |     2 |       |       ||     4
 Cast: Repel Missiles    |       |       |       |       |     4 |     2 ||     6
Invok: Lesser Servant of |       |       |       |     4 |     6 |       ||    10
       Greater Servant o |       |       |       |       |     7 |       ||     7
 Abil: Device Recharging |       |       |     1 |    12 |    10 |     1 ||    24
       Evoke Flight      |       |       |       |     1 |       |       ||     1
       Evoke Invisibilit |       |       |       |       |     1 |       ||     1
       Evoke Berserk Rag |       |       |       |       |     2 |       ||     2
Evoke: Wand              |       |     4 |    14 |    69 |    92 |     7 ||   186
       Lamp of fire      |       |       |       |       |     5 |       ||     5
  Use: Scroll            |       |     7 |    10 |    22 |    19 |     1 ||    59
       Potion            |       |       |     2 |     1 |     9 |       ||    12
 Stab: Confused          |       |       |     5 |     5 |     1 |       ||    11
       Held in net/web   |       |       |       |     2 |       |       ||     2
       Paralysed         |       |       |       |    13 |    32 |       ||    45
       Invisible         |       |       |       |       |    12 |       ||    12
       Distracted        |       |       |       |       |     4 |       ||     4
  Eat: Chunk             |       |     2 |     8 |    20 |    15 |       ||    45
       Pizza             |       |       |     1 |       |     1 |       ||     2
       Beef jerky        |       |       |     1 |       |     1 |       ||     2
       Fruit             |       |       |       |     3 |     4 |       ||     7
       Meat ration       |       |       |       |       |     2 |       ||     2
